 Dungeon Crawl Stone Soup version 0.20.1-1-g8b1a95d (webtiles) character file.

1908 Dharzhak the Cleaver (level 8, -10/71 HPs)
             Began as a Minotaur Fighter on Dec 30, 2017.
             Mangled by a yak (11 damage)
             ... on level 7 of the Dungeon.
             The game lasted 00:15:18 (5970 turns).

Dharzhak the Cleaver (Minotaur Fighter)             Turns: 5970, Time: 00:15:18

Health: -10/71     AC: 15    Str: 22    XL:     8   Next: 94%
Magic:  7/7        EV:  6    Int:  7    God:
Gold:   283        SH: 10    Dex: 11    Spells: 7/7 levels left

rFire    . . .     SeeInvis .   a - +0 war axe
rCold    . . .     Gourm    .   c - +0 shield
rNeg     . . .     Faith    .   E - +0 plate armour
rPois    .         Spirit   .   (helmet restricted)
rElec    .         Reflect  .   w - +0 cloak
rCorr    .         Harm     .   (no gloves)
MR       .....                  n - +0 pair of boots
Stlth    ..........             (no amulet)
Regen    0.3/turn               z - +2 ring of intelligence
MPRegen  0.1/turn               (no ring)

@: hasted, very quick
A: retaliatory headbutt, horns 2
a: no special abilities


You were on level 7 of the Dungeon.
You were hungry.

You visited 1 branch of the dungeon, and saw 7 of its levels.

You collected 283 gold pieces.

Inventory:

Hand Weapons
 a - a +0 war axe (weapon)
 q - a +0 war axe
Missiles
 r - 5 tomahawks (quivered)
Armour
 c - a +0 shield (worn)
 n - a +0 pair of boots (worn)
 w - a +0 cloak (worn)
 E - a +0 plate armour (worn)
Jewellery
 z - a +2 ring of intelligence (left hand)
Wands
 b - a wand of confusion (16/48)
 C - a wand of disintegration (13/24)
Scrolls
 i - 2 scrolls of immolation
 j - 2 scrolls of teleportation {unknown}
 k - a scroll of fog {unknown}
 m - a scroll of recharging {unknown}
 s - a scroll of remove curse {unknown}
 v - a scroll of enchant weapon {unknown}
 G - a scroll of fear {unknown}
Potions
 o - 2 potions of invisibility
 p - a potion of mutation
 t - a potion of ambrosia
 A - a potion of agility
 F - a potion of cancellation
Books
 l - a book of the Dragon

   Spells                             Type                      Level
   a - Flame Tongue                   Conjuration/Fire             1
   b - Cause Fear                     Hexes                        4
   c - Bolt of Fire                   Conjuration/Fire             6
   d - Dragon Form                    Transmutation                7
   e - Dragon's Call                  Summoning                    9
Comestibles
 f - 6 bread rations
 u - 2 royal jellies
 x - 3 fruits
 B - 3 meat rations


   Skills:
 * Level 6.4 Fighting
 * Level 9.2 Axes
 * Level 7.0 Armour
 * Level 3.8 Dodging
 * Level 6.6 Shields


You had 7 spell levels left.
You didn't know any spells.

Dungeon Overview and Level Annotations

Branches:
Dungeon (7/15)
 Temple: D:4-7

Altars:
Cheibriados


Innate Abilities, Weirdness & Mutations

You reflexively headbutt those who attack you in melee.
You have a pair of horns on your head.


Message History

The yak is severely wounded.
You slash the yak! You barely miss the yak. You hit the yak.
The yak gores you but does no damage. The yak gores you.
* * * LOW HITPOINT WARNING * * *
The yak gores you.
* * * LOW HITPOINT WARNING * * *
The yak gores you but does no damage. The yak barely misses you.
You furiously retaliate!
You headbutt the yak, but do no damage.
You feel much better. The yak gores you! The yak gores you. The yak gores you!
The yak barely misses you.
You feel yourself speed up. You block the yak's attack. The yak gores you!
* * * LOW HITPOINT WARNING * * *
The yak gores you!
* * * LOW HITPOINT WARNING * * *
The yak gores you.
* * * LOW HITPOINT WARNING * * *
You feel better. You block the yak's attack. The yak gores you.
* * * LOW HITPOINT WARNING * * *
The yak gores you!
You die...

#.#.# ..#.# ### ###.#
...# #.#
##############...#
#.###...##...........#
#...'...''...........+
#####...##...........#
#...##....†Y.....#
#...##....@Y.....#
#...##....YY.....#
#...##...........#
##############...#
...# ..# #


You could see 4 yaks.

Vanquished Creatures
  The ghost of SammieL the Poker, an amateur MfSk of Sif Muna (D:4)
  A hippogriff (D:3)
  A yak (D:7)
  Menkaure (D:4)
  4 ice beasts
  An orc warrior (D:6)
  2 ogres
  A bullfrog (D:6)
  A scorpion (D:4)
  A crimson imp (D:4)
  A bullfrog zombie (D:6)
  A hound (D:4)
  A jelly (D:6)
  A centaur skeleton (D:6)
  Crazy Yiuf (D:3)
  A gnoll shaman (D:6)
  7 worker ants
  3 gnolls (D:6)
  3 adders
  An adder zombie (D:6)
  2 worms
  2 dart slugs
  3 leopard geckos
  17 orcs
  2 ball pythons
  12 bats
  6 giant cockroaches
  5 goblins
  6 hobgoblins
  5 jackals
  3 quokkas
  3 frilled lizards
  7 kobolds
  7 rats
114 creatures vanquished.

Notes
Turn   | Place    | Note
-------+----------+-------------------------------------------
     0 | D:1      | Dharzhak the Minotaur Fighter began the quest for the Orb.
     0 | D:1      | Reached XP level 1. HP: 19/19 MP: 0/0
   197 | D:1      | Reached XP level 2. HP: 27/27 MP: 1/1
   621 | D:2      | Reached skill level 3 in Axes
   621 | D:2      | Reached XP level 3. HP: 29/33 MP: 2/2
   912 | D:2      | Found a snail-covered altar of Cheibriados.
  1439 | D:3      | Noticed a hippogriff
  1448 | D:3      | Killed a hippogriff
  1448 | D:3      | Reached skill level 4 in Axes
  1448 | D:3      | Reached skill level 5 in Armour
  1448 | D:3      | Reached skill level 1 in Dodging
  1448 | D:3      | Reached XP level 4. HP: 16/41 MP: 3/3
  1448 | D:3      | Reached XP level 5. HP: 18/47 MP: 4/4
  2276 | D:3      | Found a runed door.
  2612 | D:3      | Noticed Crazy Yiuf
  2620 | D:3      | Killed Crazy Yiuf
  2620 | D:3      | Reached skill level 5 in Axes
  2620 | D:3      | Reached XP level 6. HP: 42/53 MP: 5/5
  2741 | D:4      | Noticed SammieL's ghost (amateur MfSk)
  2762 | D:4      | Killed SammieL's ghost
  2762 | D:4      | Reached skill level 6 in Axes
  2762 | D:4      | Reached skill level 5 in Shields
  2762 | D:4      | Reached XP level 7. HP: 42/60 MP: 6/6
  2922 | D:4      | Noticed Menkaure
  2926 | D:4      | Killed Menkaure
  3137 | D:4      | Reached skill level 5 in Fighting
  3523 | D:5      | Entered Level 5 of the Dungeon
  3708 | D:5      | Reached skill level 7 in Axes
  3946 | D:5      | Reached XP level 8. HP: 58/68 MP: 7/7
  4898 | D:6      | Reached skill level 8 in Axes
  5589 | D:6      | Reached skill level 9 in Axes
  5969 | D:7      | HP: 2/71 [yak (4)]
  5970 | D:7      | Mangled by a yak

Skill      XL: |  1  2  3  4  5  6  7  8 |
---------------+-------------------------+-----
Armour         | 4 5 6 7 |  7.0
Shields        | 4 5 6 |  6.6
Fighting       | 4 5 6 |  6.4
Axes           | 3 4 5 6 7 9 |  9.2
Dodging        | 1 2 3 |  3.8

Action                   |  1- 3 |  4- 6 |  7- 9 || total
-------------------------+-------+-------+-------++-------
Melee: War axe           |   118 |    62 |   177 ||   357
       Headbutt          |    17 |    15 |    31 ||    63
  Use: Potion            |     2 |     1 |     4 ||     7
       Scroll            |       |       |     9 ||     9
  Eat: Chunk             |     2 |     2 |     6 ||    10
       Meat ration       |       |     1 |       ||     1
       Fruit             |       |       |     1 ||     1
Armor: Scale mail        |    71 |    23 |    25 ||   119
       Chain mail        |       |       |    50 ||    50
       Plate armour      |       |       |    27 ||    27
Dodge: Dodged            |    48 |    20 |    55 ||   123
Block: Shield            |    89 |    39 |    82 ||   210
